 Dungeon Crawl Stone Soup version 0.20.1-1-g8b1a95d (webtiles) character file.

84 digijack the Sneak (level 4, -5/36 HPs)
             Began as a Naga Ice Elementalist on Dec 19, 2017.
             Slain by a gnoll
             ... wielding a +0 spear
              (6 damage)
             ... on level 3 of the Dungeon.
             The game lasted 00:17:19 (2636 turns).

digijack the Sneak (Naga Ice Elementalist)          Turns: 2636, Time: 00:17:20

Health: -5/36      AC:  3    Str: 10      XL:     4   Next: 45%
Magic:  0/7        EV: 10    Int: 17      God:
Gold:   77         SH:  0    Dex:  9 (11) Spells: 5/8 levels left

rFire    . . .     SeeInvis +   h - +3 spear (pierce)
rCold    . . .     Gourm    .   (no shield)
rNeg     . . .     Faith    .   e - +0 robe
rPois    +         Spirit   .   f - +0 helmet
rElec    .         Reflect  .   (no cloak)
rCorr    .         Harm     .   (no gloves)
MR       .....                  (no barding)
Stlth    ++........             m - amulet of inaccuracy (curse)
Regen    0.2/turn               (no ring)
MPRegen  0.1/turn               (no ring)

@: very slightly contaminated, very slow
A: see invisible, deformed body, poison resistance, slowness 2, slow metabolism
1, spit poison 1, AC +1
a: Spit Poison


You were on level 3 of the Dungeon.
You were hungry.

You visited 1 branch of the dungeon, and saw 3 of its levels.

You collected 77 gold pieces.

Inventory:

Hand Weapons
 h - a +3 spear of piercing (weapon)
Armour
 a - a +0 robe
 e - a +0 robe (worn)
 f - a +0 helmet (worn)
Jewellery
 m - a cursed amulet of inaccuracy (around neck)
Scrolls
 d - a scroll of amnesia
 i - a scroll of teleportation
Potions
 g - a potion of curing
Books
 b - a book of Frost

   Spells                             Type                      Level
   a - Freeze                         Ice                          1
   b - Throw Frost                    Conjuration/Ice              2
   c - Ozocubu's Armour               Charms/Ice                   3
   d - Throw Icicle                   Conjuration/Ice              4
   e - Summon Ice Beast               Ice/Summoning                4
Comestibles
 c - a bread ration
 k - a royal jelly
 l - a chunk of flesh
 n - a fruit


   Skills:
 + Level 0.6 Polearms
 + Level 2.4 Dodging
 + Level 4.1 Stealth
 + Level 2.6 Spellcasting
 - Level 1.0 Conjurations
 + Level 3.5 Ice Magic


You had 5 spell levels left.
You knew the following spells:

 Your Spells              Type           Power        Failure   Level  Hunger
a - Freeze                Ice            ##..         4%          1    #......
b - Throw Frost           Conj/Ice       #.....       11%         2    ##.....


Dungeon Overview and Level Annotations

Branches:
Dungeon (3/15)

Altars:
Makhleb


Innate Abilities, Weirdness & Mutations

You cannot wear boots.
Your serpentine skin is tough. (AC +1)
You have supernaturally acute eyesight. (SInv)
Armour fits poorly on your strangely shaped body.
Your system is resistant to poisons. (rPois)
You cover ground very slowly.
You have a slow metabolism.
You can spit poison.


Message History

You hit the gnoll.
The gnoll is severely wounded.
You flicker back into view.
The gnoll hits you but does no damage.
You closely miss the gnoll.
The gnoll is severely wounded.
The gnoll hits you with a spear.
You hit the gnoll but do no damage.
The gnoll is severely wounded.
The gnoll hits you with a spear.
You hit the gnoll.
The gnoll is almost dead.
The gnoll hits you with a spear!
* * * LOW HITPOINT WARNING * * *
You hit the gnoll but do no damage.
The gnoll is almost dead.
The gnoll hits you with a spear.
* * * LOW HITPOINT WARNING * * *
The gnoll hits you with a spear.
You die...

##......#####.. )
##....)......#####
###########....####.......
....................#..#
.####.........#####....#
#.######### ##g##..# #.#
#..# .# #.# #####.##
#.########..@g.#
#..........#####
############


You could see a gnoll.

Vanquished Creatures
  2 gnolls (D:3)
  An adder (D:2)
  4 worms
  A dart slug (D:3)
  A leopard gecko (D:2)
  2 giant cockroaches (D:2)
  4 goblins
  5 hobgoblins
  A quokka (D:2)
  9 bats
  3 frilled lizards
  6 kobolds
  4 rats
43 creatures vanquished.

Notes
Turn   | Place    | Note
-------+----------+-------------------------------------------
     0 | D:1      | digijack the Naga Ice Elementalist began the quest for the Orb.
     0 | D:1      | Reached XP level 1. HP: 15/15 MP: 3/3
   204 | D:1      | Reached XP level 2. HP: 15/22 MP: 0/5
   695 | D:1      | Learned a level 2 spell: Throw Frost
  1156 | D:2      | Reached XP level 3. HP: 21/28 MP: 0/6
  1308 | D:2      | Found a burning altar of Makhleb.
  1308 | D:2      | Noticed a green death
  1311 | D:2      | Noticed a hellwing
  1311 | D:2      | Noticed an orange demon
  1742 | D:2      | Reached skill level 4 in Stealth
  2381 | D:3      | Reached XP level 4. HP: 26/36 MP: 1/7
  2636 | D:3      | HP: 1/36 [gnoll/spear (2)]
  2636 | D:3      | Slain by a gnoll

Skill      XL: |  1  2  3 |
---------------+----------+-----
Dodging        | 2 |  2.4
Stealth        | 4 |  4.1
Polearms       | |  0.6
Spellcasting   | |  2.6
Conjurations   | |  1.0
Ice Magic      | |  3.5

Action                   |  1- 3 |  4- 6 || total
-------------------------+-------+-------++-------
Melee: Unarmed           |     1 |       ||     1
       Spear             |    15 |    10 ||    25
 Cast: Freeze            |    61 |    13 ||    74
       Throw Frost       |     5 |       ||     5
  Use: Scroll            |     6 |     2 ||     8
       Potion            |     5 |     1 ||     6
  Eat: Bread ration      |     1 |       ||     1
Armor: Robe              |    14 |     1 ||    15
Dodge: Dodged            |    32 |     3 ||    35
